 Dungeon Crawl Stone Soup version 0.30-a0-778-g2ef04afb54 (webtiles) character file.

Game seed: 16075576470757062829

9 retardedninja the Covered (level 2, 27/27 HPs)
             Began as a Minotaur Fighter on Feb 15, 2023.
             Got out of the dungeon alive.
             The game lasted 00:02:01 (3927 turns).

retardedninja the Covered (Minotaur Fighter)        Turns: 3927, Time: 00:02:02

Health: 27/27      AC:  7    Str: 20    XL:     2   Next: 6%
Magic:  1/1        EV:  9    Int:  5    God:
Gold:   0          SH:  4    Dex:  9    Spells: 1/1 levels left

rFire   . . .      SeeInvis .    a - +0 war axe
rCold   . . .      Faith    .    c - +0 buckler
rNeg    . . .      Spirit   .    b - +0 scale mail
rPois   .          Reflect  .    (helmet restricted)
rElec   .          Harm     .    (no cloak)
rCorr   .          Rampage  .    (no gloves)
Will    .....                    (no boots) Stlth
                                 (no amulet)
HPRegen 0.24/turn                (no ring)
MPRegen 0.07/turn                (no ring)

@: no status effects
A: horns 2, retaliatory headbutt
a: no special abilities


You escaped.
You visited 1 branch of the dungeon, and saw 1 of its levels.

Inventory:

Hand Weapons
 a - a +0 war axe (weapon)
Armour
 b - a +0 scale mail (worn)
 c - a +0 buckler (worn)
Potions
 d - 2 potions of might


   Skills:
 + Level 3.8 Fighting
 + Level 2.7 Axes
 + Level 3.8 Armour
 + Level 3.8 Shields


You had one spell level left.
You didn't know any spells.
Your spell library was empty.

Dungeon Overview and Level Annotations

Branches:
Dungeon (1/15)

Altars:


Innate Abilities, Weirdness & Mutations

You have a pair of horns on your head.
You reflexively headbutt those who attack you in melee.


Message History

You start waiting.
You start waiting.
You start waiting.
You start waiting.
You start waiting.
You start waiting.
You start waiting.
You start waiting.
You start waiting.
You start waiting.
You start waiting.
You start waiting.
You start waiting.
You start waiting.
You start waiting.
You start waiting.
You start waiting.
You start waiting.
You start waiting.
You start waiting.
You start waiting.
You start waiting.
You start waiting.
You start waiting.
Done waiting.
The minotaur bellows!
The kobold shouts!
The troll shouts!
The elf shouts!
The demigod shouts!
The felid hisses angrily.
Welcome back, retardedninja the Minotaur Fighter.
Press ? for a list of commands and other information.
There is an open door here.
There is a staircase leading out of the dungeon here.
Are you sure you want to leave the Dungeon?
This will make you lose the game!
Alright, then stay!
Unknown command.
Are you sure you want to leave the Dungeon?
This will make you lose the game!
You have escaped!

###############
####h#p#V#T#K#x#d#
#..###############
#@.'..............
#..###############
####H#M#e#n#Q#p#H#
###############


There were no monsters in sight!

Vanquished Creatures
  A dart slug (D:1)
  An endoplasm (D:1)
  2 giant cockroaches (D:1)
  A quokka (D:1)
  2 bats (D:1)
7 creatures vanquished.

Notes
Turn   | Place    | Note
-------+----------+-------------------------------------------
     0 | D:1      | retardedninja the Minotaur Fighter began the quest for the
                  | Orb.
     0 | D:1      | Reached XP level 1. HP: 19/19 MP: 0/0
     2 | D:1      | Noticed a felid
     2 | D:1      | Noticed an armataur
     4 | D:1      | Noticed a demigod
     6 | D:1      | Noticed a vampire
     6 | D:1      | Noticed an elf
     8 | D:1      | Noticed a troll
     8 | D:1      | Noticed a ghoul
    10 | D:1      | Noticed a tengu
    12 | D:1      | Noticed an octopode
    12 | D:1      | Noticed a meteoran
    15 | D:1      | Noticed a draconian
    15 | D:1      | Noticed a minotaur
    17 | D:1      | Noticed a demonspawn
    17 | D:1      | Noticed a spriggan
    19 | D:1      | Noticed a merfolk
    19 | D:1      | Noticed a naga
    21 | D:1      | Noticed an ogre
    21 | D:1      | Noticed a human
    23 | D:1      | Noticed a formicid
    25 | D:1      | Noticed a gargoyle
    27 | D:1      | Noticed a vine stalker
    27 | D:1      | Noticed an ogre
   209 | D:1      | Reached XP level 2. HP: 20/27 MP: 1/1
  3927 | D:$      | Got out of the dungeon alive.

Illustrated notes

Levels and vault maps discovered:
D:1:      kb_arrival_jail, layout_rooms, minmay_misc_feat_hallway,
          minmay_misc_feat_square, minmay_shallow_snake_nest

Action                     || total
---------------------------++-------
  Melee: War axe           ||    17
         Headbutt          ||     1
 Armour: Scale mail        ||    29
  Dodge: Dodged            ||    37
  Block: Buckler           ||    10

Table legend: (Time is in decaauts)
 A = Elapsed time spent in this place.
 B = Non-inter-level travel time spent in this place.
 C = Inter-level travel time spent in this place.
 D = Time resting spent in this place.
 E = Time spent auto-exploring this place.
 F = Levels seen in this place.
 G = Mean time per level.
                   A        B        C        D        E       F      G
               +--------+--------+--------+--------+--------+-----+--------+
         Total |   3934 |   3934 |      0 |   3789 |     29 |   1 | 3934.0 |
       Dungeon |   3934 |   3934 |      0 |   3789 |     29 |   1 | 3934.0 |
               +--------+--------+--------+--------+--------+-----+--------+

Top non-repeatable levels by time:
     D:1: 3934 daAuts
